IL
COLORADO SPRINGS SKY SOX @ OKLAHOMA CITY DODGERS
04/21/2048
 
TOP OF THE 1ST
Colorado Springs Sky Sox batting - Pitching for Oklahoma City Dodgers : RHP Tyler Scherer
Pitching: RHP Tyler Scherer
Batting: LHB Steve Gilliam 0-0: Ball
1-0: Ball
2-0: Called Strike
2-1: Swinging Strike
2-2: Ball
3-2: Base on Balls
Batting: RHB Juan Figueroa 0-0: Called Strike
0-1: Ball
1-1: Ball
2-1: Ball
3-1: Called Strike
3-2: Base on Balls
Steve Gilliam to second
Batting: LHB Michael Krott 0-0: Called Strike
0-1: Ball
Steve Gilliam steals 3rd base
Juan Figueroa to second
1-1: Ground out 1-3 (Groundball, 13S, EV 63.8 MPH)
Batting: LHB Luke Coulter 0-0: Called Strike
0-1: Ground out 5-3 (Groundball, 56, EV 92.5 MPH)
Steve Gilliam scores
Batting: RHB John Boyer 0-0: Called Strike
0-1: Swinging Strike
0-2: SINGLE (Flyball, 9S, EV 96.2 MPH)
Juan Figueroa to third
Runner from 3rd tries for Home, SAFE, throw by RF to home
John Boyer to second
Batting: RHB Eduardo Camacho 0-0: Ball
1-0: Ground out 5-3 (Groundball, 56S, EV 93.1 MPH)
Top of the 1st over - 2 runs, 1 hit, 0 errors, 1 left on base; Colorado Springs 2 - Oklahoma City 0
BOTTOM OF THE 1ST
Oklahoma City Dodgers batting - Pitching for Colorado Springs Sky Sox : LHP Cooper Bate
Pitching: LHP Cooper Bate
Batting: RHB Theo Schepers 0-0: Swinging Strike
0-1: Ball
1-1: Fly out, F7 (Line Drive, 7, EV 97.5 MPH)
Batting: LHB Robin More 0-0: Ball
1-0: Foul Ball, location: 2F
1-1: Ball
2-1: Ground out 5-3 (Groundball, 5, EV 104.4 MPH)
Batting: RHB Curt Earnest 0-0: Ball
1-0: Called Strike
1-1: Ground out 5-3 (Groundball, 5S, EV 84.4 MPH)
Bottom of the 1st over - 0 runs, 0 hits, 0 errors, 0 left on base; Colorado Springs 2 - Oklahoma City 0
TOP OF THE 2ND
Colorado Springs Sky Sox batting - Pitching for Oklahoma City Dodgers : RHP Tyler Scherer
Batting: SHB Jamie Mims 0-0: Ball
1-0: SINGLE (Line Drive, 34D, EV 98.8 MPH)
Batting: RHB John Stevenson 0-0: Called Strike
Jamie Mims steals 2nd base
0-1: Ball
1-1: Foul Ball, location: 2F
1-2: Foul Ball, location: 2F
1-2: Ball
2-2: Ground out 4-3 (Groundball, 4, EV 91.2 MPH)
Jamie Mims to third
Batting: LHB Mike Clark 0-0: Ball
1-0: Foul Ball, location: 2F
1-1: Called Strike
1-2: Foul Ball, location: 2F
1-2: Strikes out swinging
Batting: LHB Steve Gilliam 0-0: Foul Ball, location: 2F
0-1: Foul Ball, location: 2F
0-2: 2-RUN HOME RUN (Flyball, 89XD, EV 115.0 MPH), Distance : 431 ft
Batting: RHB Juan Figueroa 0-0: Foul Ball, location: 2F
0-1: Called Strike
0-2: Foul Ball, location: 2F
0-2: Strikes out swinging
Top of the 2nd over - 2 runs, 2 hits, 0 errors, 0 left on base; Colorado Springs 4 - Oklahoma City 0
BOTTOM OF THE 2ND
Oklahoma City Dodgers batting - Pitching for Colorado Springs Sky Sox : LHP Cooper Bate
Batting: LHB Jose Robles 0-0: Swinging Strike
0-1: Foul Ball, location: 2F
0-2: Ball
1-2: Ball
2-2: Foul Ball, location: 2F
2-2: Foul Ball, location: 2F
2-2: Foul Ball, location: 2F
2-2: SINGLE (Line Drive, 78M, EV 95.0 MPH)
Batting: LHB Chris Fandino 0-0: Ball
1-0: Ball
2-0: Foul Ball, location: 2F
2-1: Foul Ball, location: 2F
2-2: Ball
3-2: Fly out, F8 (Flyball, 8RM, EV 92.5 MPH)
Batting: LHB Steve Pond 0-0: Ball
1-0: Foul Ball, location: 2F
1-1: Called Strike
1-2: Foul Ball, location: 2F
1-2: Grounds into double play, 6-4-3 (Groundball, 6, EV 83.8 MPH)
Bottom of the 2nd over - 0 runs, 1 hit, 0 errors, 0 left on base; Colorado Springs 4 - Oklahoma City 0
TOP OF THE 3RD
Colorado Springs Sky Sox batting - Pitching for Oklahoma City Dodgers : RHP Tyler Scherer
Batting: LHB Michael Krott 0-0: Ball
1-0: Called Strike
1-1: Foul Ball, location: 2F
1-2: Strikes out swinging
Batting: LHB Luke Coulter 0-0: Ball
1-0: Ball
2-0: Ground out U3 (Groundball, 3, EV 105.0 MPH)
Batting: RHB John Boyer 0-0: Ball
1-0: Foul Ball, location: 2F
1-1: Ground out 6-3 (Groundball, 56D, EV 105.6 MPH)
Top of the 3rd over - 0 runs, 0 hits, 0 errors, 0 left on base; Colorado Springs 4 - Oklahoma City 0
BOTTOM OF THE 3RD
Oklahoma City Dodgers batting - Pitching for Colorado Springs Sky Sox : LHP Cooper Bate
Batting: RHB T.J. Jordan 0-0: Called Strike
0-1: Ball
1-1: Called Strike
1-2: Foul Ball, location: 2F
1-2: Foul Ball, location: 2F
1-2: Ball
2-2: Foul Ball, location: 2F
2-2: Strikes out swinging
Batting: LHB Darrell Ortega 0-0: Foul Ball, location: 2F
0-1: Called Strike
0-2: Fly out, F8 (Flyball, 8RXD, EV 90.6 MPH)
Batting: RHB Carlos Talavera 0-0: Called Strike
0-1: Swinging Strike
0-2: Ball
1-2: Ball
2-2: Ball
3-2: Fly out, F8 (Flyball, 8LXD, EV 103.8 MPH)
Bottom of the 3rd over - 0 runs, 0 hits, 0 errors, 0 left on base; Colorado Springs 4 - Oklahoma City 0
TOP OF THE 4TH
Colorado Springs Sky Sox batting - Pitching for Oklahoma City Dodgers : RHP Tyler Scherer
Batting: RHB Eduardo Camacho 0-0: Called Strike
0-1: Fly out, F5 (Popup, 25F, EV 83.1 MPH)
Batting: SHB Jamie Mims 0-0: Called Strike
0-1: Called Strike
0-2: Ball
1-2: Fly out, F6 (Popup, 4MS, EV 66.2 MPH)
Batting: RHB John Stevenson 0-0: Ground out 3-1 (Groundball, 34, EV 90.0 MPH)
Top of the 4th over - 0 runs, 0 hits, 0 errors, 0 left on base; Colorado Springs 4 - Oklahoma City 0
BOTTOM OF THE 4TH
Oklahoma City Dodgers batting - Pitching for Colorado Springs Sky Sox : LHP Cooper Bate
Batting: RHB Theo Schepers 0-0: Swinging Strike
0-1: Foul Ball, location: 2F
0-2: Foul Ball, location: 2F
0-2: Strikes out swinging
Batting: LHB Robin More 0-0: Swinging Strike
0-1: Called Strike
0-2: Foul Ball, location: 2F
0-2: Ground out 5-3 (Groundball, 56S, EV 85.0 MPH)
Batting: RHB Curt Earnest 0-0: Called Strike
0-1: Ball
1-1: Hit by Pitch
Batting: LHB Jose Robles 0-0: Called Strike
0-1: Called Strike
Curt Earnest steals 2nd base
0-2: Ball
1-2: SINGLE (Line Drive, 6MD, EV 103.8 MPH)
Curt Earnest to third
Runner from 3rd tries for Home, SAFE, throw by CF to home
Batting: LHB Chris Fandino 0-0: SINGLE (Groundball, 4D, EV 109.4 MPH)
Jose Robles to second
Batting: LHB Steve Pond 0-0: Foul Ball, location: 2F
0-1: Ball
1-1: Foul Ball, location: 2F
1-2: Ball
2-2: Strikes out swinging
Bottom of the 4th over - 1 run, 2 hits, 0 errors, 2 left on base; Colorado Springs 4 - Oklahoma City 1
TOP OF THE 5TH
Colorado Springs Sky Sox batting - Pitching for Oklahoma City Dodgers : RHP Tyler Scherer
Batting: LHB Mike Clark 0-0: SOLO HOME RUN (Flyball, 89XD, EV 99.4 MPH), Distance : 379 ft
Pitching: LHP Billy Kline
Batting: LHB Steve Gilliam 0-0: Called Strike
0-1: Foul Ball, location: 2F
0-2: Ball
1-2: Foul Ball, location: 2F
1-2: SINGLE (Groundball, 56D, EV 95.0 MPH)
Batting: RHB Juan Figueroa 0-0: Ball
1-0: Called Strike
1-1: Ball
2-1: Ball
3-1: Foul Ball, location: 2F
3-2: Fielders Choice at 2nd, 5-4 (Groundball, 25, EV 85.6 MPH)
Batting: LHB Michael Krott 0-0: Called Strike
0-1: Ball
1-1: Swinging Strike
1-2: Ball
2-2: Ball
3-2: Foul Ball, location: 2F
3-2: Strikes out swinging
Batting: LHB Luke Coulter 0-0: Ground out 4-3 (Groundball, 4, EV 80.6 MPH)
Top of the 5th over - 1 run, 2 hits, 0 errors, 1 left on base; Colorado Springs 5 - Oklahoma City 1
BOTTOM OF THE 5TH
Oklahoma City Dodgers batting - Pitching for Colorado Springs Sky Sox : LHP Cooper Bate
Batting: RHB T.J. Jordan 0-0: SINGLE (Flyball, 34D, EV 92.5 MPH)
Batting: LHB Darrell Ortega 0-0: Ball
1-0: Grounds into double play, 6-4-3 (Groundball, 56, EV 85.6 MPH)
Batting: RHB Carlos Talavera 0-0: Ball
1-0: Foul Ball, location: 2F
1-1: Swinging Strike
1-2: Foul Ball, location: 2F
1-2: Strikes out swinging
Bottom of the 5th over - 0 runs, 1 hit, 0 errors, 0 left on base; Colorado Springs 5 - Oklahoma City 1
TOP OF THE 6TH
Colorado Springs Sky Sox batting - Pitching for Oklahoma City Dodgers : LHP Billy Kline
Batting: RHB John Boyer 0-0: SINGLE (Groundball, 5D, EV 106.2 MPH)
Batting: RHB Eduardo Camacho 0-0: Ball
1-0: Called Strike
1-1: Fly out, F8 (Flyball, 8RM, EV 81.2 MPH)
Batting: SHB Jamie Mims 0-0: Ball
1-0: Ball
2-0: Called Strike
2-1: Foul Ball, location: 2F
2-2: Grounds into double play, 6-4-3 (Groundball, 6, EV 94.4 MPH)
Top of the 6th over - 0 runs, 1 hit, 0 errors, 0 left on base; Colorado Springs 5 - Oklahoma City 1
BOTTOM OF THE 6TH
Oklahoma City Dodgers batting - Pitching for Colorado Springs Sky Sox : LHP Cooper Bate
Batting: RHB Theo Schepers 0-0: Foul Ball, location: 2F
0-1: Ball
1-1: Foul Ball, location: 2F
1-2: Foul Ball, location: 2F
1-2: DOUBLE (Groundball, 5L, EV 104.4 MPH)
Batting: LHB Robin More 0-0: Called Strike
0-1: Ground out 4-3 (Groundball, 4, EV 91.2 MPH)
Theo Schepers to third
Batting: RHB Curt Earnest 0-0: Ball
1-0: DOUBLE (Line Drive, 78D, EV 104.4 MPH)
Theo Schepers scores
Batting: LHB Jose Robles 0-0: Ball
Curt Earnest is caught stealing 3rd base 2-5
1-0: Called Strike
1-1: Fly out, F7 (Line Drive, 7, EV 87.5 MPH)
Bottom of the 6th over - 1 run, 2 hits, 0 errors, 0 left on base; Colorado Springs 5 - Oklahoma City 2
TOP OF THE 7TH
Colorado Springs Sky Sox batting - Pitching for Oklahoma City Dodgers : LHP Billy Kline
Pitching: LHP Dave Burridge
Batting: RHB John Stevenson 0-0: Ball
1-0: Ball
2-0: Foul Ball, location: 2F
2-1: Ground out 1-3 (Groundball, P, EV 63.8 MPH)
Batting: LHB Mike Clark 0-0: Foul Ball, location: 2F
0-1: Ball
1-1: Swinging Strike
1-2: Foul Ball, location: 2F
1-2: Ball
2-2: Strikes out looking
Batting: LHB Steve Gilliam 0-0: Ball
1-0: Fly out, F8 (Flyball, 8RXD, EV 97.5 MPH)
Top of the 7th over - 0 runs, 0 hits, 0 errors, 0 left on base; Colorado Springs 5 - Oklahoma City 2
BOTTOM OF THE 7TH
Oklahoma City Dodgers batting - Pitching for Colorado Springs Sky Sox : LHP Cooper Bate
Batting: LHB Chris Fandino 0-0: Ball
1-0: Ball
2-0: Ball
3-0: Called Strike
3-1: Ground out 6-3 (Groundball, 6, EV 85.6 MPH)
Batting: LHB Steve Pond 0-0: Called Strike
0-1: Foul Ball, location: 2F
0-2: Fly out, F9 (Line Drive, 9S, EV 90.6 MPH)
Batting: RHB T.J. Jordan 0-0: Called Strike
0-1: Ball
1-1: Ball
2-1: DOUBLE (Line Drive, 5D, EV 98.1 MPH)
Batting: LHB Darrell Ortega 0-0: Fly out, F7 (Flyball, 78M, EV 77.5 MPH)
Bottom of the 7th over - 0 runs, 1 hit, 0 errors, 1 left on base; Colorado Springs 5 - Oklahoma City 2
TOP OF THE 8TH
Colorado Springs Sky Sox batting - Pitching for Oklahoma City Dodgers : LHP Dave Burridge
Batting: RHB Juan Figueroa 0-0: Foul Ball, location: 2F
0-1: Foul Ball, location: 2F
0-2: Strikes out swinging
Batting: LHB Michael Krott 0-0: Ball
1-0: Ground out 6-3 (Groundball, 4MD, EV 91.2 MPH)
Batting: LHB Luke Coulter 0-0: Ball
1-0: SINGLE (Line Drive, 4D, EV 106.2 MPH)
Batting: RHB John Boyer 0-0: Swinging Strike
0-1: Ball
1-1: Ground out 4-3 (Groundball, 4, EV 81.2 MPH)
Top of the 8th over - 0 runs, 1 hit, 0 errors, 1 left on base; Colorado Springs 5 - Oklahoma City 2
BOTTOM OF THE 8TH
Oklahoma City Dodgers batting - Pitching for Colorado Springs Sky Sox : LHP Cooper Bate
Pitching: LHP Bill Ogren
Batting: RHB Carlos Talavera 0-0: Ball
1-0: SOLO HOME RUN (Flyball, 8LXD, EV 113.1 MPH), Distance : 433 ft
Batting: RHB Theo Schepers 0-0: SINGLE (Line Drive, 5D, EV 105.0 MPH)
Batting: LHB Robin More 0-0: Ball
1-0: Called Strike
1-1: Ball
2-1: Ball
3-1: Called Strike
3-2: Foul Ball, location: 2F
3-2: Foul Ball, location: 2F
3-2: Grounds into double play, 3-6-1 (Groundball, 3, EV 95.0 MPH)
Batting: RHB Curt Earnest 0-0: Called Strike
0-1: Ball
1-1: Foul Ball, location: 2F
1-2: Strikes out swinging
Bottom of the 8th over - 1 run, 2 hits, 0 errors, 0 left on base; Colorado Springs 5 - Oklahoma City 3
TOP OF THE 9TH
Colorado Springs Sky Sox batting - Pitching for Oklahoma City Dodgers : LHP Dave Burridge
Pitching: RHP Juan Hurtado
Batting: RHB Eduardo Camacho 0-0: Ball
1-0: Ball
2-0: Ground out 6-3 (Groundball, 6, EV 88.8 MPH)
Batting: SHB Jamie Mims 0-0: Ball
1-0: Ball
2-0: Ball
3-0: Base on Balls
Batting: RHB John Stevenson Pickoff Throw to First - Out! 1-3
0-0: Foul Ball, location: 2F
0-1: Foul Ball, location: 2F
0-2: Strikes out swinging
Top of the 9th over - 0 runs, 0 hits, 0 errors, 0 left on base; Colorado Springs 5 - Oklahoma City 3
BOTTOM OF THE 9TH
Oklahoma City Dodgers batting - Pitching for Colorado Springs Sky Sox : LHP Bill Ogren
Pitching: RHP Jim Butler
Batting: LHB Jose Robles 0-0: Ball
1-0: Ball
2-0: Ball
3-0: Called Strike
3-1: Base on Balls
Batting: LHB Chris Fandino 0-0: Ball
1-0: Ball
2-0: Swinging Strike
2-1: Fielders Choice at 2nd, 5-4 (Groundball, 5, EV 95.6 MPH)
Batting: LHB Steve Pond 0-0: Ball
1-0: Foul Ball, location: 2F
1-1: Called Strike
1-2: Ball
2-2: Ball
3-2: Foul Ball, location: 2F
3-2: Fielders Choice at 2nd, 4-6 (Groundball, 34, EV 88.8 MPH)
Batting: RHB T.J. Jordan 0-0: Called Strike
0-1: Called Strike
0-2: Ball
1-2: Strikes out looking
Bottom of the 9th over - 0 runs, 0 hits, 0 errors, 1 left on base; Colorado Springs 5 - Oklahoma City 3
Tuesday, March 28th , 2023 - OOTP Baseball 23.10 Build 110